Description

Билд автора канала, не мой

VOD

https://youtu.be/HjOCWn3hHFY

Build Order

Get SALT Encoding   

  14  0:21  Pylon  
  16  0:40  Gateway  
  17  0:53  Assimilator  
  20  1:25  Nexus Остановка производства пробок  
  20  1:33  Cybernetics Core После постановки - продолжаем делать пробок  
  21  1:43  Assimilator  
  21  1:52  Pylon После пилона бустим пробок в нексусе  
  25  2:11  Warp Gate, Stalker  
  26  2:16  Shield Battery В стенке  
  28  2:30  Robotics Facility Все бусты в нексусы на пробки  
  33  2:44  Sentry  
  35  2:55  Pylon  
  43  3:15  Immortal  
  45  3:30  Assimilator x2, Pylon  
  53  3:55  Immortal (Chrono Boost)  
  55  4:05  Core Forge, Twilight Council  
  58  4:20  Gateway x3  
  64  4:36  Immortal  
  64  4:43  Pylon  
  64  4:47  Charge, Protoss Ground Weapons Level 1  
  64  4:55  Templar Archives  
  64  5:00  Pylon  
  68  5:20  Gateway x4  
  68  5:14  Immortal  
  70  5:20  Stalker x2  
  78  5:43  High Templar x2 В архонта на месте  
  78  5:45  Warp Prism Буст в форжу после заказа призмы  
  78  6:03  Pylon x2  
  78  6:04  High Templar x2 В архонта и после него - выход под базу противника. На месте доварпать юнитов(архонтов, зилков)  
Spawning Tool Build Advisor. Get it on Overwolf

Go to:

Details

  • Created by: MyName1sGreeDDD
  • Published on: Jun 02, 2023
  • Modified on: Jun 02, 2023
  • Patch: 5.0.11
  • Difficulty: Easy
Show
View Real Time Build Order
Export as new Build Order

Comments (0)

There are no comments. Be the first!

Create an account to comment!